 Dungeon Crawl Stone Soup version 0.29.1-13-g9f3cf754e1 (webtiles) character file.

Game seed: 12544407001365385014

23 croobank the Scratcher (level 2, -5/12 HPs)
             Began as a Felid Transmuter on Jan 26, 2023.
             Slain by a gnoll
             ... wielding a +0 halberd
              (12 damage)
             ... on level 2 of the Dungeon.
             The game lasted 00:03:24 (1596 turns).

croobank the Scratcher (Felid Transmuter)           Turns: 1596, Time: 00:03:25

Health: -5/12      AC:  1    Str:  6    XL:     2   Next: 72%
Magic:  3/6        EV: 17    Int: 14    God:
Gold:   27         SH:  0    Dex: 16    Spells: 2/5 levels left
                                        Lives:  0   Deaths: 0

rFire   . . .      SeeInvis +     - Unarmed
rCold   . . .      Faith    .   (shield unavailable)
rNeg    . . .      Spirit   .   (body armour unavailable)
rPois   .          Reflect  .   (helmet unavailable)
rElec   .          Harm     .   (cloak unavailable)
rCorr   .          Rampage  .   (gloves unavailable)
Will    .....                   (boots unavailable)
Stlth   +.........              (no amulet)
HPRegen 0.04/turn               (no ring)
MPRegen 0.10/turn               (no ring)

@: appendages (expiring), wereblooded, quick
A: horns 2, very small, claws 1, fangs 3, see invisible, speed 1, shaggy fur 1,
stealthy paws, no weapons or thrown items, no armour, multi-lived
a: End Transformation


You were on level 2 of the Dungeon.
You had temporarily grown beastly horns.
You visited 1 branch of the dungeon, and saw 2 of its levels.

You collected 27 gold pieces.

Inventory:

Wands
 f - a wand of iceblast (5)
Potions
 a - a potion of lignification
 b - a potion of berserk rage {unknown}
 c - 2 potions of curing {unknown}
 e - a potion of resistance {unknown}
 g - a potion of degeneration {unknown}
 h - a potion of attraction {unknown}


   Skills:
 + Level 1.4 Fighting
 + Level 3.1 Dodging
 + Level 3.2 Unarmed Combat
 + Level 2.2 Spellcasting
 + Level 2.5 Transmutations


You had 2 spell levels left.
You knew the following spells:

 Your Spells              Type           Power      Damage    Failure   Level
a - Beastly Appendage     Tmut           16%        N/A       9%          1
b - Wereblood             Tmut           8%         N/A       12%         2

Your spell library contained the following spells:

 Spells                   Type           Power      Damage    Failure   Level
 Spider Form              Tmut/Pois      5%         N/A       38%         3
 Ice Form                 Ice/Tmut       5%         N/A       80%         4


Dungeon Overview and Level Annotations

Branches:
Dungeon (2/15)

Altars:


Innate Abilities, Weirdness & Mutations

You have temporarily grown beastly horns.
You have sharp claws.
You have razor-sharp teeth.
You have supernaturally acute eyesight. (SInv)
You cover ground quickly. (Speed+)
You are covered in fur. (AC +1)
Your paws help you pounce on unaware monsters.
You are incapable of wielding weapons or throwing items.
You cannot wear armour.
You gain extra lives every three experience levels.


Message History

Your primal bloodlust is almost over.
You howl as the wereblood boils in your veins!
You see here a stone.
Your horns disappear.
You howl as the wereblood boils in your veins!
Your primal bloodlust has ended.
A ball python comes into view.
The ball python hisses angrily.
The bat misses you.
Casting: Beastly Appendage (safe; 9% risk of failure)
Confirm with . or Enter, or press ? or * to list all spells.
You grow a pair of large bovine horns.
The bat closely misses you.
Casting: Beastly Appendage (safe; 9% risk of failure)
Confirm with . or Enter, or press ? or * to list all spells.
Your blood is infused with primal strength.
The bat closely misses you. The bat hits you.
The ball python barely misses you. The ball python misses you.
The bat hits you but does no damage.
You scratch the bat.
You feel a bit better.
You kill the bat!
The ball python barely misses you. The ball python closely misses you.
You barely miss the ball python. The ball python bites you.
The ball python barely misses you. The ball python completely misses you.
The ball python closely misses you.
You scratch the ball python.
You feel a bit better.
You kill the ball python!
You howl as the wereblood boils in your veins!
You hear a shout!
The gnoll hits you with a +0 spear.
You scratch the gnoll. You claw the gnoll, but do no damage.
The gnoll is lightly wounded.
You howl as the wereblood boils in your veins!
Your transformation is almost over.
The gnoll completely misses you.
You scratch the gnoll.
The gnoll is heavily wounded.
The gnoll barely misses you.
The gnoll hits you from afar with a +0 halberd!
Ouch! That really hurt!
You die...

#..####### #.#
#......... ######.#
##b####### #.......
#.### # #.####.# #...#
#.#.# ##.# #.#.#
#.#.###... # ###g##
#.........
#.####...######.###...
#...#@g~..#.....####.#
###...~~~.........<..#
###†.~..##.#########
##...###.# ##.## ..#
#.....## ######


You could see 2 gnolls.

Vanquished Creatures
  3 bats
  8 hobgoblins
  5 ball pythons
  A frilled lizard (D:1)
  A goblin (D:1)
  2 kobolds
  2 rats (D:1)
22 creatures vanquished.

Notes
Turn   | Place    | Note
-------+----------+-------------------------------------------
     0 | D:1      | croobank the Felid Transmuter began the quest for the Orb.
     0 | D:1      | Reached XP level 1. HP: 9/9 MP: 4/4
   658 | D:1      | Reached XP level 2. HP: 10/12 MP: 3/6
   666 | D:1      | Learned a level 2 spell: Wereblood
   707 | D:1      | Found a faded altar of an unknown god.
  1596 | D:2      | Slain by a gnoll

Illustrated notes

Levels and vault maps discovered:
D:1:      wander_arrival_lonely_grave, layout_basic,
          shapermc_ecumenical_altar_mp_highgroup
D:2:      layout_loops_ring, amcnicky_mini_pool_small

Skill      XL: |  1  2 |
---------------+-------+-----
Dodging        | 3 |  3.1
Fighting       | |  1.4
Unarmed Combat | |  3.2
Spellcasting   | |  2.2
Transmutations | |  2.5

Action                   || total
-------------------------++-------
Melee: Unarmed           ||    62
       Headbutt          ||     8
       Punch             ||     3
       Bite              ||     1
 Cast: Beastly Appendage ||    19
       Wereblood         ||     8
  Use: Scroll            ||     2
 Stab: Sleeping          ||     1
Armor: Skin              ||     2
Dodge: Dodged            ||    57
